 Dungeon Crawl Stone Soup version 0.26.0-10-g1f06aea511 (webtiles) character file.

Game seed: 2972765841750183522

1519 Goblin1989 the Basher (level 8, -1/58 HPs)
             Began as a Demonspawn Delver on Jan 28, 2021.
             Slain by a centaur (4 damage)
             ... on level 7 of the Dungeon.
             The game lasted 00:13:21 (6262 turns).

Goblin1989 the Basher (Demonspawn Delver)           Turns: 6262, Time: 00:13:22

Health: -1/58      AC: 13    Str: 15    XL:     8   Next: 54%
Magic:  8/8        EV: 12    Int: 11    God:
Gold:   417        SH:  0    Dex: 15    Spells: 7/7 levels left

rFire    . . .     SeeInvis .   O - +2 mace (protect)
rCold    . . .     Faith    .   (no shield)
rNeg     . . .     Spirit   .   b - +0 leather armour
rPois    .         Reflect  .   (no helmet)
rElec    .         Harm     .   (no cloak)
rCorr    .         Rampage  .   (no gloves)
Will     .....                  (no boots)
Stlth    +++.......             (no amulet)
HPRegen  0.19/turn              (no ring)
MPRegen  0.11/turn              (no ring)

@: protection aura
A: talons 1, slimy green scales 2, demonic guardian 1, powered by pain 1
a: no special abilities


You were on level 7 of the Dungeon.
You visited 2 branches of the dungeon, and saw 8 of its levels.

You collected 417 gold pieces.

Inventory:

Hand Weapons
 a - a +0 mace
 O - a +2 mace of protection (weapon)
Missiles
 E - 10 boomerangs
 K - 34 poisoned darts (quivered)
 Z - 354 stones {@Q3}
Armour
 b - a +0 leather armour (worn)
 P - a +0 scale mail
Jewellery
 G - an uncursed ring of protection from fire {unknown}
 I - an uncursed amulet of magic regeneration {unknown}
 T - a +6 ring of dexterity {unknown}
 V - a +4 ring of slaying {unknown}
Wands
 g - a wand of digging (3) {@v1}
 X - a wand of acid (13) {@v2}
Scrolls
 c - 3 scrolls of fog
 e - a scroll of fear
 y - a scroll of vulnerability {unknown}
 z - a scroll of amnesia {unknown}
 A - 2 scrolls of torment {unknown}
 C - a scroll of teleportation {unknown}
 D - a scroll of noise {unknown}
 F - a scroll of enchant armour {unknown}
 H - a scroll of immolation {unknown}
 M - 2 scrolls of magic mapping
 N - 11 scrolls of identify {unknown}
 W - 5 scrolls of remove curse {unknown}
 Y - 3 scrolls of enchant weapon {unknown}
Potions
 f - a potion of haste {@q3,}
 h - a potion of magic {unknown}
 x - a potion of heal wounds {unknown}
 B - a potion of cancellation {unknown}
 J - a potion of ambrosia {unknown}
 L - a potion of degeneration {unknown}
 Q - 2 potions of flight {unknown}
 R - 2 potions of lignification {unknown}
 S - a potion of invisibility {unknown}
 U - 2 potions of might {unknown}


   Skills:
 - Level 3.0 Fighting
 + Level 10.0 Maces & Flails
 - Level 1.7 Dodging
 - Level 4.5 Stealth


You had 7 spell levels left.
You didn't know any spells.
Your spell library was empty.

Dungeon Overview and Level Annotations

Branches:
Dungeon (7/15)             Temple (1/1) D:5

Altars:
Ashenzari
Cheibriados
Dithmenos
Elyvilon
Fedhas
Hepliaklqana
Makhleb
Nemelex Xobeh
Okawaru
Qazlal
Sif Muna
Trog
Uskayaw
Vehumet
Wu Jian
Xom
Yredelemnul
Zin
The Shining One


Innate Abilities, Weirdness & Mutations

You have sharp toenails.
You are mostly covered in slimy green scales. (AC +3)
A weak demonic guardian rushes to your aid.
You sometimes gain a little power by taking damage.


Message History

Something hits the bush but does no damage.
Something hits the bush but does no damage.
Your quasit bites the bush but does no damage.
Your quasit claws the bush but does no damage. x2
The centaur wields a +0 shortbow.
The centaur shoots an arrow.
The arrow hits you.
Your quasit bites the bush but does no damage.
Your quasit claws the bush but does no damage. x2
You take 1 damage, and have 57/58 hp.
The centaur shoots an arrow.
The arrow hits you but does no damage.
The centaur shoots an arrow.
The arrow barely misses you.
You see here an arrow.
The centaur shoots an arrow.
The arrow closely misses you.
You see here an arrow.
The centaur shoots an arrow.
The arrow hits you but does no damage.
Health restored: 58 You swap places.
Something hits the bush.
Something hits the bush but does no damage.
Your quasit bites the bush but does no damage.
Your quasit claws the bush but does no damage. x2
The centaur wields a +0 shortbow.
The centaur shoots an arrow.
The arrow misses you.
You see here an arrow.
The centaur shoots an arrow.
The arrow closely misses you.
The centaur shoots an arrow.
The arrow barely misses your quasit. The arrow hits you!
You see here 2 arrows.
You take 10 damage, and have 48/58 hp.
Your quasit bites the bush but does no damage.
Your quasit claws the bush but does no damage.
Your quasit claws the bush.
The centaur shoots an arrow.
The arrow misses your quasit. The arrow hits you.
Your quasit bites the bush but does no damage.
Your quasit claws the bush but does no damage. x2
You see here an arrow.
You take 5 damage, and have 43/58 hp.
Your quasit bites the bush but does no damage.
Your quasit claws the bush but does no damage. x2
The centaur unwields a +0 shortbow.
The centaur hits the bush but does no damage.
You see here an arrow.
Your quasit bites the bush but does no damage.
Your quasit claws the bush.
Your quasit claws the bush but does no damage.
The centaur wields a +0 shortbow.
The centaur shoots an arrow.
The arrow hits you!
Things that are here:
2 arrows; a scroll labelled UKHYPN GOVAM You take 7 damage, and have 36/58 hp.
Your quasit bites the bush but does no damage.
Your quasit claws the bush but does no damage. x2
The centaur shoots an arrow.
The arrow hits you but does no damage.
Your quasit bites the bush but does no damage.
Your quasit claws the bush but does no damage. x2
You see here an arrow.
The centaur shoots an arrow.
The arrow barely misses you.
Your quasit bites the bush but does no damage.
Your quasit claws the bush but does no damage. x2
The centaur unwields a +0 shortbow.
The centaur hits the bush but does no damage.
The centaur wields a +0 shortbow.
The centaur shoots an arrow.
The arrow hits you!
* * * LOW HITPOINT WARNING * * *
Your ufetubus hits something but does no damage. x2
You see here an arrow.
You take 15 damage, and have 21/58 hp.
MASSIVE DAMAGE!!
Your ufetubus hits the bush but does no damage. x2
The centaur unwields a +0 shortbow.
The centaur hits the bush but does no damage.
Your quasit bites the bush but does no damage.
Your quasit claws the bush but does no damage.
Your quasit claws the bush.
Your ufetubus hits the bush.
Your ufetubus hits the bush but does no damage.
The centaur wields a +0 shortbow.
The centaur shoots an arrow.
The arrow hits you but does no damage.
Your ufetubus hits the bush but does no damage. x2
You see here an arrow.
The centaur shoots an arrow.
The arrow hits you!
* * * LOW HITPOINT WARNING * * *
You see here an arrow.
You take 12 damage, and have 9/58 hp.
MASSIVE DAMAGE!!
The centaur shoots an arrow.
The arrow hits you.
* * * LOW HITPOINT WARNING * * *
You see here an arrow.
You take 4 damage, and have 5/58 hp.
You hit the centaur.
Your weapon exudes an aura of protection.
The centaur is lightly wounded.
The centaur unwields a +0 shortbow.
The centaur hits you.
* * * LOW HITPOINT WARNING * * *
You take 3 damage, and have 2/58 hp.
You hit the centaur. You claw the centaur.
The centaur is moderately wounded.
The centaur barely misses you.
Unknown command.
You hit the bush but do no damage. You claw the bush.
The bush is lightly damaged.
The centaur hits you.
You die... ......... ...... .... █ ████.██████ █.█.......((█ █...██(.PP.(█ . █. █(PPPP(█

█.█PPcPP5█
█..P@P.P5██
███P(PPP..█ █
█..5.(.(█ █.
█████.█.█
████.█████████...█
...(...........███
.........███████
.........█
.......<.█


You could see a centaur and a friendly ufetubus (summoned).

Vanquished Creatures
  2 ice beasts (D:6)
  An orc warrior (D:6)
  A sky beast (D:4)
  A phantom (D:6)
  2 bullfrogs (D:6)
  A scorpion (D:6)
  2 howler monkeys
  A bullfrog zombie (D:5)
  2 hounds
  5 orc wizards
  A bullfrog skeleton (D:5)
  2 iguanas
  2 worker ants
  2 hound skeletons
  A worker ant zombie (D:6)
  12 adders
  2 ufetubi
  An adder skeleton (D:4)
  2 worms
  3 dart slugs
  4 leopard geckos
  16 orcs
  2 ball pythons
  4 giant cockroaches
  6 goblins
  5 hobgoblins
  27 jackals
  6 quokkas
  8 bats
  3 frilled lizards
  11 kobolds
  3 rats
141 creatures vanquished.

Vanquished Creatures (collateral kills)
  2 ogres (D:4)
  2 bullfrogs (D:6)
  A hound (D:4)
  5 orcs
  A giant cockroach (D:3)
11 creatures vanquished.

Grand Total: 152 creatures vanquished

Notes
Turn   | Place    | Note
-------+----------+-------------------------------------------
     0 | D:5      | Goblin1989 the Demonspawn Delver began the quest for the
                  | Orb.
     0 | D:5      | Reached XP level 1. HP: 18/18 MP: 1/1
   104 | D:5      | Reached skill level 2 in Maces & Flails
   104 | D:5      | Gained mutation: You have sharp toenails. [demonic
                  | ancestry]
   104 | D:5      | Reached XP level 2. HP: 12/24 MP: 2/2
   248 | D:5      | Found an ornate altar of the Wu Jian Council.
   328 | D:5      | Reached skill level 3 in Maces & Flails
   328 | D:5      | Gained mutation: A weak demonic guardian rushes to your
                  | aid. [demonic ancestry]
   328 | D:5      | Reached XP level 3. HP: 19/29 MP: 3/3
   560 | D:5      | Reached skill level 4 in Maces & Flails
   560 | D:5      | Reached XP level 4. HP: 24/35 MP: 4/4
   685 | D:4      | Reached XP level 5. HP: 27/41 MP: 5/5
   780 | D:4      | Noticed a sky beast
   810 | D:5      | Found a sparkling altar of Nemelex Xobeh.
   841 | D:4      | Noticed an ogre
   876 | D:4      | Killed a sky beast
   877 | D:4      | Reached skill level 5 in Maces & Flails
  1170 | D:4      | Noticed an ogre
  1201 | D:4      | Killed an ogre
  1237 | D:4      | Gained mutation: You are partially covered in slimy green
                  | scales. (AC +2) [demonic ancestry]
  1237 | D:4      | Reached XP level 6. HP: 43/47 MP: 6/6
  1268 | D:4      | Reached skill level 6 in Maces & Flails
  1803 | D:3      | Reached skill level 7 in Maces & Flails
  1803 | D:3      | Gained mutation: You sometimes gain a little power by
                  | taking damage. [demonic ancestry]
  1803 | D:3      | Reached XP level 7. HP: 39/52 MP: 7/7
  1981 | D:2      | Found a hide-covered altar of Uskayaw.
  1983 | D:2      | Found an iron altar of Okawaru.
  2153 | D:2      | Found a radiant altar of Vehumet.
  3005 | D:2      | Found a bloodstained altar of Trog.
  3006 | D:2      | Found a shimmering blue altar of Sif Muna.
  3044 | D:2      | Found a hazy altar of Hepliaklqana.
  3423 | D:3      | Found a faded altar of an unknown god.
  4159 | D:5      | Found a staircase to the Ecumenical Temple.
  4165 | Temple   | Entered the Ecumenical Temple
  4380 | D:6      | Reached skill level 8 in Maces & Flails
  5286 | D:6      | Gained mutation: You are mostly covered in slimy green
                  | scales. (AC +3) [demonic ancestry]
  5286 | D:6      | Reached XP level 8. HP: 47/58 MP: 8/8
  5527 | D:6      | Reached skill level 9 in Maces & Flails
  6052 | D:6      | Reached skill level 10 in Maces & Flails
  6230 | D:7      | Found a blossoming altar of Fedhas.
  6260 | D:7      | HP: 2/58 [centaur (3)]
  6262 | D:7      | Slain by a centaur

Illustrated notes

Levels and vault maps discovered:
D:1:      minmay_arrival_solitary_statue, layout_basic
D:2:      layout_loops_ring, nzn_hepliaklqana_mist_gate,
          overflow_temple_1_default, grunt_temple_overflow_open
D:3:      layout_loops_ring, chequers_ecumenical_altar_lobes
D:4:      layout_gridville
D:5:      layout_rooms, lemuel_coloured_pillars_altar,
          nemelex_xobeh_ov_fountains_minmay, minmay_temple_entry_enclosed_plants
D:6:      minmay_razor_zed, layout_basic, grunt_decor_cap
D:7:      layout_rooms, grunt_gozag_statues, fedhas_bush_and_centaur_altar
Temple:   eino_temple_lava

Skill      XL: |  1  2  3  4  5  6  7  8 |
---------------+-------------------------+-----
Maces & Flails | 2 3 4 5 7 8 10 | 10.0
Fighting       | |  3.0
Dodging        | |  1.7
Stealth        | |  4.5

Action                   |  1- 3 |  4- 6 |  7- 9 || total
-------------------------+-------+-------+-------++-------
Melee: Mace              |    36 |   102 |   315 ||   453
       Kick              |     2 |    23 |    75 ||   100
Throw: Dart              |       |       |    14 ||    14
       Boomerang         |       |       |     2 ||     2
 Stab: Sleeping          |     1 |     3 |    16 ||    20
Armor: Leather armour    |    14 |    44 |   163 ||   221
Dodge: Dodged            |    33 |    64 |   237 ||   334
